AoeStats
← 150490644@

Arena

508472999Analyzed
1v1 RM · 10d ago on Sep 22, 2026· 22m 45s· 2 players
Game mode
Random Map
Map size
Tiny (2 player)
Population
200
Speed
Normal
Resources
Standard
Victory
Conquest
Starting age
Dark Age
Ending age
Imperial Age
RankedLock teamsTeams togetherTeam positionsShared explorationLock speedFull tech treeHidden civsTurbo modeCheats
Victory
Defeat
🇮🇹 Franks · Italy
967
-16
𝘊𝘺𝘳𝘰𝘹 𝘐'𝘮.𝘉𝘳𝘰𝘬𝘦𝘯
10:59 Feudal Age
15:39 Castle Age
21:35 Fletching
22:40 Bodkin Arrow
150490644@
10:31 Feudal Age
15:05 Castle Age
14:33 Double-Bit Axe
14:45 Stone Mining
16:31 Wheelbarrow
Connection lost

Rejoining the realm…

Still unreachable

The connection could not be restored.

Session expired

The server has moved on; the page needs a fresh start.